Map: Romanticide LE

Players

Geralt (Gerald)

  • Race: Protoss Protoss
  • League: Grandmaster
  • Spawn Location: 5:00

HellraiseR - Winner!

  • Race: Protoss Protoss
  • League: Master
  • Spawn Location: 11:00

Event: DreamHack SC2 Masters 2020 Winter

VOD

Have the link to the VOD?

Description

Time

  • Played on: Oct. 29, 2020, 11:36 a.m.
  • Length: 32:03

All games in this series

Show
View Real Time Build Order
Export as new Build Order

Geralt Protoss 

Build Orders:  

Get SALT Encoding   

  12  0:00  Probe  
  13  0:12  Probe  
  14  0:17  Pylon  
  14  0:24  Probe (Chrono Boost)  
  16  0:36  Probe (Chrono Boost)  
  16  0:38  Gateway  
  16  0:42  Probe (Chrono Boost)  
  16  0:45  Assimilator  
  17  0:51  Probe  
  17  0:54  Assimilator  
  18  1:03  Probe (Chrono Boost)  
  19  1:10  Gateway  
  19  1:14  Probe (Chrono Boost)  
  20  1:19  Probe (Chrono Boost)  
  20  1:25  Cybernetics Core  
  21  1:31  Probe  
  21  1:32  Pylon  
  22  1:43  Probe  
  23  1:55  Probe  
  23  2:00  Warp Gate (Chrono Boost)  
  24  2:02  Adept x2  
  24  2:07  Pylon  
  24  2:08  Probe  
  29  2:20  Probe  
  30  2:26  Pylon  
  30  2:31  Shield Battery  
  30  2:32  Probe  
  31  2:40  Stalker  
  31  2:42  Sentry  
  35  2:44  Probe  
  35  2:56  Probe  
  36  3:04  Shield Battery  
  36  3:08  Stalker, Probe  
  36  3:10  Stalker, Shield Battery  
  40  3:20  Probe  
  41  3:32  Probe  
  42  3:38  Nexus  
  42  3:46  Pylon  
  42  3:59  Twilight Council  
  40  4:04  Probe  
  40  4:08  Adept  
  40  4:09  Adept  
  43  4:13  Shield Battery  
  43  4:14  Gateway  
  43  4:17  Probe  
  44  4:30  Stalker, Pylon  
  46  4:38  Blink, Probe (Chrono Boost)  
  43  4:50  Probe (Chrono Boost)  
  42  4:58  Probe (Chrono Boost)  
  42  5:00  Probe (Chrono Boost)  
  42  5:05  Stalker x2, Probe  
  47  5:10  Probe (Chrono Boost)  
  47  5:13  Stalker  
  50  5:18  Probe (Chrono Boost)  
  49  5:25  Probe (Chrono Boost)  
  49  5:27  Probe (Chrono Boost)  
  51  5:30  Forge, Probe (Chrono Boost)  
  51  5:32  Probe (Chrono Boost)  
  53  5:39  Robotics Facility  
  53  5:41  Probe  
  54  5:47  Probe  
  54  5:49  Stalker  
  57  5:53  Assimilator, Probe  
  58  5:59  Protoss Ground Weapons Level 1 (Chrono Boost), Probe  
  59  6:09  Stalker x2  
  63  6:11  Probe  
  64  6:20  Probe  
  64  6:24  Stalker  
  67  6:28  Nexus  
  67  6:32  Observer (Chrono Boost)  
  68  6:34  Pylon, Probe  
  69  6:40  Probe  
  69  6:44  Gateway  
  69  6:46  Pylon  
  70  6:52  Pylon, Probe  
  70  6:53  Probe  
  72  7:04  Probe  
  72  7:06  Stalker x2, Shield Battery  
  72  7:07  Probe  
  78  7:17  Immortal  
  78  7:19  Probe x2 (Chrono Boost)  
  84  7:29  Gateway  
  85  7:31  Probe (Chrono Boost)  
  85  7:32  Probe (Chrono Boost)  
  85  7:35  Gateway  
  86  7:37  Probe  
  86  7:40  Probe  
  86  7:41  Pylon, Probe  
  89  7:48  Photon Cannon  
  89  7:49  Probe  
  90  7:53  Robotics Bay, Probe  
  90  7:57  Stalker  
  93  8:00  Probe  
  93  8:03  Photon Cannon  
  93  8:05  Protoss Ground Weapons Level 2 (Chrono Boost)  
  94  8:07  Assimilator  
  94  8:08  Assimilator  
  94  8:12  Probe  
  95  8:15  Robotics Facility  
  95  8:21  Probe  
  95  8:24  Assimilator  
  95  8:26  Gateway  
  96  8:27  Pylon  
  96  8:32  Photon Cannon  
  96  8:41  Stalker x4  
  102  8:43  Gravitic Boosters (Chrono Boost)  
  104  8:49  Photon Cannon  
  104  8:58  Probe x2  
  106  9:06  Pylon  
  106  9:07  Probe  
  106  9:09  Disruptor x2 (Chrono Boost)  
  107  9:12  Photon Cannon  
  107  9:14  Pylon  
  113  9:21  Nexus  
  113  9:24  Probe x2  
  115  9:35  Probe  
  115  9:36  Dark Shrine  
  115  9:38  Disruptor x2 (Chrono Boost)  
  119  9:44  Photon Cannon, Observer  
  119  9:45  Photon Cannon  
  122  9:49  Shield Battery x2  
  122  9:53  Pylon  
  122  10:00  Probe  
  122  10:01  Probe  
  122  10:04  Colossus (Chrono Boost), Pylon  
  123  10:12  Stalker x2, Disruptor (Chrono Boost)  
  123  10:13  Stalker  
  135  10:25  Protoss Ground Weapons Level 3  
  135  10:27  Probe x3  
  138  10:37  Probe  
  138  10:38  Disruptor (Chrono Boost)  
  138  10:39  Probe x2  
  138  10:40  Probe  
  138  10:41  Assimilator, Stalker x2  
  149  10:45  Assimilator  
  149  10:47  Observer (Chrono Boost)  
  149  10:48  Extended Thermal Lance  
  148  10:54  Stalker x3  
  154  10:57  Probe  
  154  11:00  Assimilator  
  154  11:02  Probe x2  
  157  11:04  Gateway  
  157  11:06  Gateway  
  157  11:08  Observer (Chrono Boost)  
  161  11:16  Disruptor (Chrono Boost)  
  161  11:18  Shadow Stride (Chrono Boost), Probe  
  162  11:33  Probe  
  162  11:37  Pylon  
  162  11:39  Pylon  
  163  11:41  Pylon  
  163  11:42  Pylon  
  163  11:45  Pylon  
  163  11:46  Pylon  
  163  11:49  Stalker  
  163  12:06  Nexus, Stargate  
  163  12:07  Pylon, Probe  
  164  12:09  Assimilator, Stargate  
  164  12:10  Pylon  
  164  12:13  Assimilator  
  164  12:17  Protoss Air Weapons Level 1  
  164  12:19  Photon Cannon  
  164  12:20  Photon Cannon  
  164  12:21  Photon Cannon  
  164  12:22  Shield Battery  
  164  12:23  Shield Battery  
  164  12:29  Dark Templar  
  165  12:30  Dark Templar x7  
  156  12:38  Disruptor x2 (Chrono Boost)  
  158  12:51  Observer  
  158  12:52  Photon Cannon  
  158  12:55  Photon Cannon, Fleet Beacon  
  158  12:57  Dark Templar  
  160  12:59  Photon Cannon  
  160  13:03  Disruptor (Chrono Boost)  
  161  13:14  Stalker x2  
  161  13:15  Dark Templar x2  
  169  13:39  Probe  
  170  13:46  Disruptor x2  
  176  13:52  Tempest (Chrono Boost)  
  176  13:53  Nexus  
  176  13:58  Tempest (Chrono Boost)  
  186  14:03  Dark Templar x3  
  192  14:11  Stalker x2, Nexus  
  192  14:12  Pylon  
  196  14:29  Probe  
  196  14:30  Nexus  
  196  14:32  Pylon  
  196  14:36  Disruptor  
  189  15:02  Tempest x2  
  195  15:11  Photon Cannon, Probe  
  195  15:13  Photon Cannon  
  190  15:14  Photon Cannon  
  190  15:15  Dark Templar x2  
  190  15:16  Photon Cannon, Dark Templar x3  
  190  15:18  Shield Battery x2  
  190  15:20  Shield Battery  
  198  15:23  Pylon  
  198  15:26  Photon Cannon, Shield Battery  
  198  15:27  Pylon  
  196  15:31  Photon Cannon  
  196  15:36  Disruptor  
  199  15:56  Assimilator  
  199  15:58  Assimilator  
  179  16:11  Probe  
  179  16:18  Nexus  
  180  16:25  Dark Templar x5  
  188  16:30  Protoss Shields Level 1 (Chrono Boost)  
  188  16:32  Charge (Chrono Boost)  
  188  16:33  Probe  
  188  16:35  Observer  
  189  16:45  Observer x2 (Chrono Boost)  
  191  16:52  Shield Battery  
  191  16:54  Photon Cannon  
  191  16:55  Photon Cannon  
  191  16:56  Photon Cannon  
  191  16:59  Photon Cannon  
  191  17:00  Photon Cannon, Disruptor  
  190  17:14  Stalker x6  
  190  17:15  Stalker  
  179  17:25  Probe  
  179  17:27  Probe  
  178  17:36  Nexus x2  
  181  17:37  Probe  
  181  17:39  Probe  
  182  17:49  Colossus x2, Probe  
  188  17:56  Dark Templar x4  
  197  18:00  Photon Cannon, Shield Battery  
  197  18:01  Probe  
  197  18:06  Observer  
  197  18:16  Observer  
  197  18:19  Photon Cannon  
  193  18:21  Photon Cannon  
  193  18:22  Photon Cannon  
  193  18:24  Photon Cannon  
  193  18:26  Photon Cannon  
  193  18:28  Shield Battery  
  193  18:30  Gateway  
  193  18:32  Gateway  
  188  18:43  Observer  
  185  18:58  Probe x2  
  184  19:02  Assimilator  
  184  19:08  Stalker x2  
  184  19:09  Stalker x5  
  192  19:17  Carrier  
  192  19:19  Protoss Shields Level 2 (Chrono Boost)  
  192  19:23  Nexus  
  197  19:43  Photon Cannon, Shield Battery  
  197  19:45  Pylon  
  197  19:48  Assimilator, Disruptor  
  197  19:50  Assimilator  
  200  20:05  Dark Templar  
  200  20:11  Stalker x2  
  200  20:20  Probe  
  197  20:24  Stalker x4, Nexus  
  197  20:25  Stalker  
  197  20:26  Photon Cannon  
  197  20:28  Photon Cannon  
  195  20:29  Shield Battery  
  183  20:52  Stalker x4  
  183  20:53  Stalker  
  178  21:07  Disruptor  
  175  21:18  Disruptor  
  178  21:20  Nexus  
  178  21:21  Pylon  
  160  21:43  Dark Templar x4, Disruptor  
  160  21:44  Dark Templar x4  
  178  21:53  Disruptor  
  181  21:55  Probe  
  181  21:59  Photon Cannon, Shield Battery  
  169  22:18  Disruptor  
  169  22:22  Stalker x2  
  176  22:29  Disruptor  
  173  22:37  Tempest x2  
  173  22:38  Probe  
  173  22:44  Photon Cannon  
  184  22:54  Disruptor  
  187  23:05  Disruptor  
  180  23:14  Mothership  
  168  23:30  Disruptor  
  168  23:31  Dark Templar x2  
  168  23:32  Dark Templar x5  
  171  23:40  Disruptor  
  169  23:48  Archon x2  
  157  23:52  Assimilator  
  153  24:05  Disruptor (Chrono Boost)  
  146  24:12  Stalker x8  
  146  24:14  Disruptor (Chrono Boost)  
  137  24:28  Robotics Facility  
  137  24:30  Robotics Facility  
  137  24:36  Disruptor (Chrono Boost)  
  137  24:37  Stalker x7  
  154  24:44  Stalker  
  156  25:05  Probe  
  156  25:08  Nexus  
  156  25:11  Photon Cannon  
  156  25:23  Colossus  
  156  25:25  Immortal x2  
  158  25:44  Dark Templar x4  
  158  25:47  Dark Templar  
  165  25:57  Observer  
  165  26:00  Photon Cannon  
  165  26:31  Tempest x2  
  175  26:45  Dark Templar  
  175  26:46  Dark Templar x4  
  171  27:06  Immortal x2  
  174  27:12  Stalker x3  
  176  27:36  Stalker x5  
  174  27:39  Zealot x3  
  167  27:45  Probe  
  162  28:02  Disruptor  
  151  28:28  Dark Templar x2  
  155  28:39  Observer  
  138  29:13  Immortal x3  
  138  29:14  Zealot x7  
  164  29:17  Photon Cannon x2  
  164  29:50  Zealot x5  
  164  29:51  Zealot x2  
  168  29:59  Nexus  
  164  30:06  Disruptor x2  
  136  30:14  Disruptor  
  135  30:21  Pylon  
  131  30:33  Stalker x2  
  131  30:34  Stalker x5  
  87  31:07  Nexus  
  87  31:09  Stalker x3  
  88  31:24  Disruptor  
  86  31:42  Zealot x5  
Show
View Real Time Build Order
Export as new Build Order

HellraiseR Protoss - Winner!

Build Orders: Oracle Opening 

Get SALT Encoding   

  12  0:00  Probe  
  13  0:12  Probe  
  14  0:18  Pylon  
  14  0:24  Probe (Chrono Boost)  
  15  0:37  Gateway, Probe (Chrono Boost)  
  16  0:43  Probe (Chrono Boost)  
  16  0:46  Assimilator  
  17  0:51  Probe (Chrono Boost)  
  17  0:54  Assimilator  
  18  1:03  Probe (Chrono Boost)  
  19  1:10  Gateway  
  19  1:12  Probe (Chrono Boost)  
  19  1:18  Probe  
  20  1:24  Cybernetics Core  
  21  1:30  Probe  
  22  1:34  Pylon  
  22  1:42  Probe  
  23  1:54  Probe  
  24  2:05  Stalker x2  
  24  2:06  Warp Gate, Probe  
  29  2:14  Pylon  
  29  2:25  Stargate  
  29  2:36  Stalker  
  31  2:37  Stalker  
  33  2:49  Shield Battery  
  33  2:51  Probe  
  34  3:03  Probe  
  34  3:04  Pylon  
  35  3:18  Oracle (Chrono Boost)  
  35  3:21  Probe  
  38  3:33  Probe  
  39  3:45  Probe, Oracle (Chrono Boost)  
  43  3:53  Nexus  
  43  3:57  Probe  
  42  4:09  Twilight Council  
  43  4:10  Probe  
  43  4:20  Pylon  
  43  4:22  Probe  
  44  4:30  Forge  
  44  4:34  Probe  
  45  4:46  Probe  
  45  4:49  Stalker x2, Blink  
  50  4:58  Probe (Chrono Boost)  
  51  5:03  Protoss Ground Weapons Level 1 (Chrono Boost)  
  51  5:07  Probe (Chrono Boost)  
  51  5:10  Probe (Chrono Boost)  
  53  5:15  Stalker  
  53  5:16  Probe (Chrono Boost)  
  53  5:18  Probe (Chrono Boost)  
  57  5:21  Probe (Chrono Boost)  
  57  5:22  Photon Cannon  
  57  5:24  Probe  
  59  5:31  Assimilator  
  59  5:34  Stalker  
  62  5:36  Probe  
  62  5:38  Stalker  
  64  5:49  Nexus  
  64  5:51  Probe  
  64  5:52  Probe  
  66  6:00  Gateway  
  66  6:05  Gateway  
  66  6:06  Sentry  
  66  6:09  Stalker  
  70  6:12  Pylon  
  70  6:27  Gateway  
  70  6:30  Probe x2  
  70  6:31  Gateway  
  72  6:37  Stalker x2  
  72  6:38  Shield Battery  
  76  6:45  Probe x2  
  78  6:50  Charge  
  78  6:52  Protoss Ground Weapons Level 2 (Chrono Boost)  
  78  6:58  Pylon  
  78  7:04  Stalker, Sentry  
  78  7:05  Pylon, Probe x3  
  85  7:17  Probe x2  
  85  7:18  Robotics Facility, Probe  
  85  7:22  Photon Cannon  
  88  7:28  Assimilator  
  88  7:29  Probe  
  89  7:30  Probe  
  89  7:31  Probe  
  91  7:37  Stalker x3  
  91  7:39  Stalker  
  99  7:48  Photon Cannon  
  99  7:50  Stalker x2  
  103  7:52  Probe  
  103  7:57  Pylon  
  104  7:59  Pylon  
  104  8:06  Observer  
  104  8:08  Nexus  
  104  8:11  Stalker x2  
  109  8:21  Photon Cannon  
  109  8:22  Probe x2  
  109  8:23  Shield Battery  
  111  8:27  Gateway  
  111  8:28  Gateway  
  111  8:33  Photon Cannon  
  111  8:34  Protoss Ground Weapons Level 3 (Chrono Boost), Probe x2  
  111  8:36  Observer  
  111  8:39  Probe  
  111  8:41  Stalker x2  
  117  8:46  Probe  
  117  8:47  Probe  
  121  8:51  Probe  
  122  8:57  Dark Shrine  
  122  9:00  Assimilator  
  122  9:01  Probe x2  
  122  9:02  Assimilator  
  124  9:03  Probe  
  125  9:12  Pylon  
  125  9:13  Pylon  
  125  9:19  Probe  
  125  9:20  Probe x2  
  125  9:21  Probe  
  129  9:26  Stalker x4  
  137  9:31  Probe  
  138  9:42  Stalker x2  
  142  9:48  Stalker x2  
  142  9:49  Nexus  
  142  9:51  Pylon  
  146  9:54  Pylon  
  146  9:55  Observer, Probe  
  148  10:03  Gateway  
  148  10:05  Gateway  
  148  10:09  Shadow Stride (Chrono Boost)  
  148  10:20  Photon Cannon  
  148  10:21  Photon Cannon, Probe x4  
  148  10:22  Shield Battery  
  148  10:23  Pylon  
  148  10:28  Observer  
  153  10:33  Probe x2  
  155  10:37  Dark Templar x6  
  155  10:38  Zealot x2  
  171  10:43  Forge, Probe x2  
  171  10:47  Unknown, Probe  
  171  10:49  Photon Cannon  
  174  10:51  Pylon  
  174  10:56  Observer  
  173  10:58  Dark Templar x2  
  173  10:59  Protoss Ground Armor Level 1 (Chrono Boost)  
  173  11:02  Assimilator  
  177  11:05  Probe x2  
  179  11:15  Dark Templar x2, Protoss Shields Level 1 (Chrono Boost)  
  179  11:16  Zealot x4  
  191  11:19  Nexus  
  191  11:20  Warp Prism  
  191  11:21  Pylon  
  193  11:26  Probe  
  193  11:27  Probe  
  193  11:32  Probe  
  176  11:39  Probe  
  177  11:42  Probe  
  174  11:54  Stalker x10  
  194  12:04  Robotics Facility  
  194  12:06  Robotics Bay  
  194  12:11  Photon Cannon  
  194  12:12  Photon Cannon  
  192  12:18  Shield Battery  
  192  12:19  Shield Battery  
  192  12:22  Pylon  
  192  12:27  Probe  
  187  12:41  Stalker x5  
  187  12:42  Stalker x4  
  199  12:45  Probe  
  199  12:51  Photon Cannon  
  200  12:52  Photon Cannon  
  200  12:55  Shield Battery  
  200  12:57  Pylon  
  200  12:58  Gateway x2  
  200  13:00  Gateway  
  200  13:01  Gateway  
  200  13:03  Pylon  
  200  13:06  Protoss Ground Armor Level 2 (Chrono Boost)  
  200  13:07  Protoss Shields Level 2 (Chrono Boost), Pylon  
  194  13:20  Probe x4  
  194  13:22  Probe x2  
  200  13:32  Gateway  
  200  13:35  Gateway  
  200  13:37  Gateway, Nexus  
  200  13:41  Gateway  
  200  13:46  Nexus  
  187  13:57  Stalker x6  
  187  14:02  Disruptor (Chrono Boost)  
  199  14:03  Pylon  
  199  14:04  Pylon  
  199  14:09  Photon Cannon  
  200  14:10  Photon Cannon  
  200  14:12  Pylon  
  200  14:16  Pylon  
  200  14:29  Gateway  
  200  14:30  Gateway  
  200  14:31  Pylon  
  200  14:33  Photon Cannon  
  200  14:34  Pylon, Shield Battery  
  188  15:02  Disruptor (Chrono Boost)  
  188  15:03  Zealot x3  
  188  15:04  Zealot x2  
  185  15:08  Zealot  
  185  15:12  Disruptor (Chrono Boost)  
  185  15:13  Nexus  
  186  15:15  Photon Cannon, Gravitic Boosters (Chrono Boost)  
  186  15:16  Photon Cannon, Probe  
  186  15:17  Photon Cannon  
  186  15:19  Pylon  
  186  15:20  Shield Battery, Probe  
  186  15:23  Pylon  
  186  15:26  Probe  
  187  15:31  Observer (Chrono Boost)  
  188  15:35  Pylon  
  188  15:37  Pylon  
  188  15:38  Observer (Chrono Boost)  
  187  15:46  Dark Templar x9  
  195  15:52  Nexus  
  195  15:54  Pylon  
  181  16:04  Observer  
  181  16:07  Stalker x7  
  180  16:15  Disruptor  
  180  16:18  Dark Templar x5  
  187  16:19  Protoss Ground Armor Level 3 (Chrono Boost), Protoss Shields Level 3 (Chrono Boost)  
  187  16:21  Probe x3  
  187  16:22  Probe  
  195  16:32  Observer  
  196  16:34  Probe  
  195  16:42  Probe  
  195  16:44  Stalker  
  195  16:45  Stalker x2  
  200  16:50  Nexus  
  200  16:52  Pylon  
  200  17:03  Pylon  
  164  17:24  Probe  
  164  17:26  Zealot x15  
  164  17:28  Probe  
  188  17:33  Probe  
  188  17:34  Probe  
  188  17:36  Photon Cannon  
  190  17:37  Photon Cannon  
  190  17:38  Shield Battery  
  190  17:41  Pylon  
  192  17:44  Observer x2  
  192  17:51  Stalker  
  192  17:52  Stalker x3  
  192  17:55  Photon Cannon  
  192  17:57  Photon Cannon  
  200  18:00  Photon Cannon, Shield Battery  
  200  18:01  Photon Cannon  
  200  18:02  Pylon, Shield Battery  
  198  18:08  Pylon  
  198  18:09  Observer  
  198  18:10  Observer  
  174  18:19  Stalker  
  172  18:20  Stalker x9  
  172  18:27  Probe x2  
  192  18:28  Probe x2  
  192  18:30  Probe  
  190  18:47  Stalker x5  
  198  19:07  Observer x2  
  189  19:11  Stalker x5  
  199  19:23  Probe x3  
  200  19:29  Observer (Chrono Boost)  
  196  19:38  Disruptor (Chrono Boost)  
  191  19:46  Disruptor (Chrono Boost)  
  191  19:48  Assimilator  
  191  19:49  Assimilator  
  191  19:52  Stalker x3  
  200  19:53  Pylon  
  200  19:59  Photon Cannon x2  
  198  20:00  Shield Battery  
  198  20:01  Pylon  
  198  20:02  Stalker x2  
  198  20:10  Stalker x2  
  198  20:11  Stalker  
  200  20:17  Stalker x2  
  190  20:23  Stalker x7  
  190  20:25  Stalker  
  192  20:30  Stalker x4  
  188  21:01  Stalker x4  
  188  21:02  Stalker x2  
  192  21:15  Stalker x4  
  192  21:16  Stalker  
  183  21:48  Probe x2  
  183  21:49  Probe x2  
  183  21:50  Assimilator x2  
  187  21:54  Zealot x6  
  191  22:11  Zealot x4  
  191  22:21  Stalker x7  
  191  22:22  Stalker x9  
  195  22:39  Assimilator  
  195  22:41  Photon Cannon, Shield Battery  
  195  22:42  Assimilator  
  195  22:43  Stalker x2  
  199  22:45  Pylon  
  199  22:46  Photon Cannon, Observer  
  198  23:03  Stalker x6  
  198  23:04  Stalker x3  
  178  23:06  Stalker  
  178  23:07  Stalker x7  
  178  23:08  Stalker  
  178  23:09  Stalker x2  
  178  23:11  Observer  
  170  23:38  Observer x2  
  170  23:40  Stalker x15  
  197  23:46  Stalker  
  197  23:47  Stalker x4  
  143  24:23  Zealot x4  
  143  24:24  Zealot x14  
  141  24:28  Stalker x2  
  169  24:37  Observer x2  
  167  24:48  Stalker x2  
  167  24:49  Stalker x7  
  179  24:56  Nexus  
  179  24:57  Zealot x3  
  179  24:58  Nexus, Zealot x8  
  186  25:00  Observer x2 (Chrono Boost)  
  186  25:01  Pylon  
  175  25:08  Unknown  
  175  25:12  Pylon  
  175  25:14  Pylon  
  175  25:18  Disruptor x2 (Chrono Boost)  
  180  25:26  Dark Templar x6  
  186  25:44  Nexus  
  186  25:45  Pylon  
  186  25:54  Pylon  
  186  25:55  Nexus  
  186  25:58  Observer  
  186  26:02  Unknown  
  186  26:05  Photon Cannon  
  186  26:08  Photon Cannon  
  186  26:10  Photon Cannon  
  186  26:11  Shield Battery  
  186  26:12  Pylon  
  186  26:14  Pylon  
  186  26:32  Dark Templar x4  
  186  26:33  Dark Templar x2, Zealot  
  197  26:46  Photon Cannon  
  197  26:48  Photon Cannon  
  197  26:50  Photon Cannon, Shield Battery  
  197  26:51  Shield Battery, Observer  
  197  26:53  Pylon  
  197  26:55  Dark Templar  
  197  26:57  Pylon  
  197  26:58  Photon Cannon  
  197  27:00  Photon Cannon  
  199  27:04  Pylon  
  199  27:08  Photon Cannon  
  199  27:10  Photon Cannon, Shield Battery  
  197  27:18  Photon Cannon  
  197  27:21  Photon Cannon  
  177  27:24  Photon Cannon  
  177  27:28  Pylon  
  155  27:37  Stalker x13  
  155  27:38  Stalker x4  
  183  27:45  Probe  
  183  27:46  Probe  
  183  27:48  Probe  
  183  27:49  Probe  
  186  27:53  Probe  
  186  27:57  Oracle (Chrono Boost)  
  185  28:09  Assimilator  
  185  28:11  Assimilator  
  185  28:12  Pylon  
  181  28:13  Nexus, Disruptor x2 (Chrono Boost)  
  181  28:15  Pylon  
  177  28:42  Observer x2 (Chrono Boost)  
  174  28:49  Zealot x10  
  194  28:56  Observer x2 (Chrono Boost)  
  194  29:02  Stalker x6  
  180  29:03  Stalker x2  
  192  29:14  Observer x2 (Chrono Boost)  
  184  29:52  Stalker x12  
  140  30:17  Stalker x10  
  140  30:18  Stalker x8  
  156  30:40  Stalker x10  
  156  30:41  Stalker x4  
  158  31:10  Disruptor x2 (Chrono Boost), Zealot x4  
  161  31:15  Stalker x5  
  161  31:16  Stalker x3  
  175  31:43  Zealot x11  
Tags
 
Add a new tag
Caveats
  • Supply blocks, unpowered buildings, or Contaminate may cause inaccurate times.
  • Supply counts are checked every 10 seconds.